Mecha, chaotic female elven Ranger --- --- ---- ---- --.---- ---.-- |..| --..| ------ ---.....----....|--..| |...| |.|..-- |.u.............|.<.-- --..----- |.....| |..@..............|.| |..---..-----------....------------------ --................|.| |..||...................................| ----|..............--|.| |..||.--------------....-----------...... |..--..............| |.| |..||.| ------- ---....--.----....|..|# ---.................-| |.|----- |..||.| --.--..---- |........||...-------..--..............|*....| |.||...| |..||.| |.........---.......---...-------..................|.--..--|.|-...| |..||.| |...^................................................||....|.|...-- |..||.| ---..---.....|^.........--------....--...........--------..|.|.--- |..||.| ---- |....---.........| |...--|.........--- --|.|).-- |..--.| |....- ---.----.-- --...| -.....|...- |.....| --....| --.... -----------------...---[---..|.--.. ---..-- ---^.-- --.........................%..>......| -... ---- |...| |....----------------......-----...-- -..- --..| --...| |.......| --..| .. ---- --.-- --.--.--- ---- -.- -- -- --- -- Mecha the Trailblazer Experience level: 9 Strength: 16 Dexterity: 12 Constitution: 16 Intelligence: 15 Wisdom: 14 Charisma: 9 Health: 0(65) Energy: 53(53) AC: -3 Gold: 0 Moves: 7499 Your Inventory: Weapons a - the blessed +1 Sting (weapon in hand) b - an uncursed +1 elven bow (alternate weapon; not wielded) c - 52 blessed +2 elven arrows (in quiver) k - 14 uncursed [+0] darts T - an uncursed [+0] elven dagger Armor e - an uncursed +2 elven cloak (being worn) r - an uncursed +0 scale mail (being worn) D - an uncursed +0 pair of hard shoes [iron] (being worn) U - an uncursed +0 orcish helm [of warning] (being worn) Scrolls g - an uncursed scroll labeled ANDOVA BEGARIN [of food detection] h - a blessed scroll labeled ZLORFIK [of enchant armor] i - 2 uncursed scrolls labeled YUM YUM [of teleportation] v - an uncursed scroll labeled HACKEM MUCHE [of remove curse] N - an uncursed scroll labeled VE FORBRYDERNE [of enchant weapon] O - a blessed scroll labeled HACKEM MUCHE [of remove curse] Y - 2 [uncursed] scrolls labeled NR 9 [of identify] Potions y - an uncursed white potion [of levitation] K - an [uncursed] orange potion [of speed] M - an uncursed yellow potion [of object detection] Rings E - an uncursed ring called 75 [of cold resistance] (on right hand) Tools n - an uncursed key [skeleton key] u - an [uncursed] towel z - an uncursed bag called holding [of holding] P - an [uncursed] stethoscope Contents of the bag of holding: 1054 gold pieces 9 [blessed +1 thirsty] arrows 6 [uncursed +0] arrows 3 [cursed -1] arrows an [uncursed +0] bow a [cursed -1] bow 36 uncursed +0 elven arrows an [uncursed +1] dwarvish cloak an [uncursed +0] dwarvish cloak an [uncursed +0] dwarvish cloak an [uncursed +0] dwarvish cloak an uncursed +0 hard hat [dwarvish iron helm] 6 uncursed food rations 4 uncursed lembas wafers a blessed scroll called earth [of earth] an uncursed scroll called earth [of earth] an [uncursed] spellbook of healing a cursed viscous potion [of paralysis] an uncursed brass lantern 3 uncursed [tallow] candles an [uncursed wax] candle an [uncursed magic] lamp an [uncursed] looking glass [mirror] an [uncursed +0] pick-axe an [uncursed] tin whistle 2 [uncursed] blue gems [worthless glass] 2 [uncursed] green gems [worthless glass] 2 uncursed orange gems [worthless glass] 2 [uncursed] red gems [worthless glass] an uncursed violet gem [amethyst] an [uncursed] violet gem [worthless glass] an [uncursed] white gem [worthless glass] Spells known in the end: Name Level Category Fail Memory a - charm monster 3 enchantment 100% [||||||..] b - confuse monster 2 enchantment 100% [||||||||] c - healing 1 healing 100% [||||||||] Your skills at the end: Fighting Skills body armor [Basic / Skilled] Weapon Skills dagger [Skilled / Expert] bow [Basic / Expert] Spellcasting Skills Final Attributes: You were piously aligned. Hunger level was 292. Your alignment was 47 / 47. Monster difficulty range was 1 - 7. Level difficulty was 6. You were immune to cold. You were immune to sleep. You saw invisible. You were telepathic. You were warned. You were aware of the presence of orcs. You had automatic searching. You had infravision. You were stealthy. Your luck was zero. You are dead. Vanquished creatures: 2 small mimics 3 ettin zombies a giant beetle a quivering blob a winter wolf cub a lynx a leprechaun a horse a gnome king a gold golem a jaguar a raven 3 apes 4 soldier ants a bugbear a wood nymph a water nymph a rock piercer 2 rock moles a pony a violet fungus 6 gnome lords 2 gnomish wizards a gray ooze a straw golem 2 giant ants 5 floating eyes a kitten 5 dwarves 3 kobold lords a kobold shaman 9 hill orcs a rabid rat 2 centipedes 2 giant bats an orc zombie 10 dwarf zombies 6 iguanas an acid blob 3 coyotes 2 gas spores 2 hobbits 13 manes a large kobold a hobgoblin 4 giant rats a brown mold a yellow mold a green mold a red mold 28 gnomes 6 geckos 7 jackals a fox a goblin 2 sewer rats 13 grid bugs 4 bats 5 lichens 2 kobold zombies 8 newts 196 creatures vanquished. Voluntary challenges: You used a wielded weapon 259 times. You read items or engraved 3 times. You put on armor 7 times. You never genocided any monsters. You never polymorphed an object. You never changed form. You used no wishes. You never wrote Elbereth's name. You never encountered a bones level. You never used any Sokoban shortcuts. Dungeon overview: The Dungeons of Doom: levels 1 to 6 Level 1 an altar, a fountain a long staircase Level 2 a general store, an altar, some fountains Level 3 a general store, a fountain Level 4 a general store stairs to The Gnomish Mines Level 5 many fountains Level 6 stairs to Sokoban The Gnomish Mines: levels 5 to 6 Level 5 stairs to The Dungeons of Doom Level 6 <- You were here Sokoban: levels 4 to 5 Level 5 stairs to The Dungeons of Doom History has recorded: On T:1 you entered the Dungeons of Doom to retrieve the Amulet of Yendor! On T:479 you reached level 2 of The Dungeons of Doom. On T:702 you advanced to experience level 2. On T:750 you advanced to experience level 3. On T:1060 you advanced to experience level 4. On T:1140 you reached level 3 of The Dungeons of Doom. On T:1347 you advanced to experience level 5. On T:2223 you reached level 4 of The Dungeons of Doom. On T:2587 you advanced to experience level 6. On T:3278 you reached level 5 of The Dungeons of Doom. On T:3518 you advanced to experience level 7. On T:4067 you reached level 6 of The Dungeons of Doom. On T:4182 you reached level 3 of Sokoban. On T:4820 you advanced to experience level 8. On T:5000 you reached level 2 of Sokoban. On T:5826 you reached level 1 of The Gnomish Mines. On T:6608 you reached level 2 of The Gnomish Mines. On T:6652 you advanced to experience level 9. Latest messages: The gray unicorn butts! The gray unicorn kicks! [HP-6=37] The gray unicorn misses. The gray unicorn kicks! [HP-2=35] [2 turns] The gray unicorn butts! The gray unicorn misses. The gray unicorn butts! The gray unicorn kicks! [HP-14=21] You hit the gray unicorn! The gray unicorn butts! The gray unicorn misses. [HP-1=20] The gray unicorn butts! The gray unicorn kicks! The gray unicorn misses. The gray unicorn kicks! [HP-11=9] [2 turns] The gray unicorn butts! The gray unicorn kicks! The gray unicorn butts! You die... Final status: Goodbye Mecha the Ranger... You died in The Gnomish Mines on dungeon level 6 with 1231 points, and 1054 pieces of gold, after 7499 moves. You were level 9 with a maximum of 65 hit points when you died.